[Event "Titled Tuesday Blitz October 11 Late 2022"]
[White "Urazayev, Arystanbek"]
[Black "Zomorrodian, Eilia"]
[WhiteFideId "13709810"]
[BlackFideId "12551805"]
[WhiteElo "2441"]
[BlackElo "2078"]
[Result "1-0"]
[Round "09"]
[TimeControl "180+1"]
[Date "2022.10.11"]
[WhiteClock "0:01:21"]
[BlackClock "0:00:23"]

1. e4 c5 2. Nf3 e6 3. c3 Nf6 4. e5 Nd5 5. d4 cxd4 6. cxd4 Nc6 7. Bc4 Nb6 8. Bd3 d6 9. exd6 Bxd6 10. O-O Nd5 11. Nc3 Nce7 12. Bg5 h6 13. Nxd5 hxg5 14. Nxe7 Qxe7 15. Bb5+ Kf8 16. Ne5 a6 17. Ba4 b5 18. Bc2 Bb7 19. Qe2 Rh4 20. Rad1 Rd8 21. g3 Rh8 22. Be4 Bxe4 23. Qxe4 Qf6 24. f4 Qh6 25. Ng4 Qh5 26. fxg5 Qxg5 27. Qxe6 Bb8 28. Qxf7# 1-0


[Site "https://www.chess.com"]

[Event "Titled Tuesday Blitz October 11 Late 2022"]
[White "Vlassov, Nikolai"]
[Black "Evdokimov, Alexey"]
[WhiteFideId "4103360"]
[BlackFideId "24162450"]
[WhiteElo "2324"]
[BlackElo "2154"]
[Result "1-0"]
[Round "09"]
[TimeControl "180+1"]
[Date "2022.10.12"]
[WhiteClock "0:01:31"]
[BlackClock "0:00:30"]

1. e4 c6 2. d4 d5 3. e5 Bf5 4. Nf3 e6 5. Be2 Nd7 6. O-O Ne7 7. Nbd2 c5 8. c4 dxc4 9. Nxc4 Nd5 10. Bg5 f6 11. exf6 gxf6 12. Bh4 Be7 13. Qb3 Nf4 14. Rfe1 Rg8 15. Bg3 Nxe2+ 16. Rxe2 b6 17. Rae1 Kf7 18. d5 Nf8 19. d6 Bxd6 20. Nxd6+ Kg6 21. Nh4+ Kg7 22. Nhxf5+ exf5 23. Qf7+ Kh8 24. Re8 1-0


[Site "https://www.chess.com"]

[Event "Titled Tuesday Blitz October 11 Late 2022"]
[White "Yurovskykh, Oleksandr"]
[Black "Rubio Tent, Francisco"]
[WhiteFideId "14134020"]
[BlackFideId "2238233"]
[WhiteElo "2303"]
[BlackElo "2211"]
[Result "1-0"]
[Round "09"]
[TimeControl "180+1"]
[Date "2022.10.12"]
[WhiteClock "0:01:07"]
[BlackClock "0:00:07"]

1. d4 d5 2. Bf4 Nf6 3. e3 c5 4. c3 Nc6 5. Nd2 Bf5 6. Ngf3 e6 7. Qb3 Qc8 8. Be2 c4 9. Qd1 h6 10. O-O Be7 11. Ne5 O-O 12. Re1 b5 13. Bf3 Bh7 14. e4 Nxe5 15. Bxe5 Rd8 16. Bxf6 Bxf6 17. exd5 exd5 18. Nf1 Rd6 19. Ne3 Qd7 20. a4 Rb8 21. axb5 Rxb5 22. Qa4 a6 23. Nxd5 g5 24. Nxf6+ Rxf6 25. Qxc4 Rxb2 26. Rxa6 Rf4 27. Ra8+ Kg7 28. Qc5 Bf5 29. Qf8+ Kg6 30. Qg8+ Kf6 31. Qh8+ Kg6 32. Rg8# 1-0


[Site "https://www.chess.com"]

[Event "Titled Tuesday Blitz October 11 Late 2022"]
[White "Zaloznyy, Mike"]
[Black "Shapiro, Daniel"]
[WhiteFideId "2023075"]
[BlackFideId "2001780"]
[WhiteElo "2126"]
[BlackElo "2201"]
[Result "0-1"]
[Round "09"]
[TimeControl "180+1"]
[Date "2022.10.12"]
[WhiteClock "0:00:21"]
[BlackClock "0:00:06"]

1. e4 c5 2. a3 g6 3. b4 b6 4. Bb2 Nf6 5. e5 Nd5 6. c4 Nc7 7. Nf3 Bg7 8. Be2 O-O 9. O-O d6 10. Qb3 Nc6 11. exd6 Qxd6 12. Bxg7 Kxg7 13. b5 Nd4 14. Nxd4 Qxd4 15. Nc3 Qxd2 16. Bf3 Rb8 17. Rad1 Qf4 18. Rfe1 Re8 19. Re4 Qf6 20. Rde1 Bb7 21. R4e3 Ne6 22. Bxb7 Rxb7 23. Nd5 Qg5 24. Re5 Qh6 25. Qb2 Nd4 26. Nxe7 Rd8 27. Nc6 Rd6 28. Rd5 Rxd5 29. cxd5 Rd7 30. Nxd4 cxd4 31. Qxd4+ f6 32. d6 Qg5 33. g3 Qxb5 34. Re7+ Rxe7 35. dxe7 Qe8 36. Qd8 Kf7 37. Qd5+ Kxe7 38. Qe4+ Kf7 39. Qd5+ Qe6 40. Qb7+ Qe7 41. Qd5+ Kg7 42. h4 h5 43. Kg2 Qxa3 44. Qd7+ Kf8 45. Qd8+ Kf7 46. Qd7+ Qe7 47. Qd5+ Kg7 48. g4 hxg4 49. h5 gxh5 50. Qxh5 Qe4+ 51. Kg3 Qf3+ 52. Kh2 Qh3+ 53. Qxh3 gxh3 54. Kxh3 a5 55. Kg4 a4 56. Kf4 a3 0-1


[Site "https://www.chess.com"]

[Event "Titled Tuesday Blitz October 11 Late 2022"]
[White "Zeynalli, Rashad"]
[Black "Zhigalko, Sergei"]
[WhiteFideId "13403320"]
[BlackFideId "13502956"]
[WhiteElo "2125"]
[BlackElo "2662"]
[Result "0-1"]
[Round "09"]
[TimeControl "180+1"]
[Date "2022.10.11"]
[WhiteClock "0:00:29"]
[BlackClock "0:00:09"]

1. d4 Nf6 2. Bf4 d5 3. e3 e6 4. Nd2 Bd6 5. Bg3 O-O 6. Ngf3 b6 7. c3 Bb7 8. Bd3 c5 9. Bxd6 Qxd6 10. Ne5 Ba6 11. Bxa6 Nxa6 12. O-O Nb8 13. Qa4 Rc8 14. f4 Nc6 15. Rad1 Rab8 16. Qb5 Ne7 17. Qe2 b5 18. dxc5 Qxc5 19. Nb3 Qb6 20. g4 b4 21. g5 Ne4 22. Nd7 Qb5 23. Qxb5 Rxb5 24. cxb4 Rxb4 25. Rc1 Rbc4 26. Ne5 Rxc1 27. Rxc1 Rxc1+ 28. Nxc1 f6 29. gxf6 gxf6 30. Nd7 Nf5 31. b4 Nxe3 32. b5 Nc4 33. Nd3 Kf7 34. a4 Ke7 35. Nb8 Kd6 36. Nb4 Nc3 37. N8c6 Nxa4 38. Nxa7 Nc3 39. Nd3 e5 40. fxe5+ fxe5 41. Nc8+ Kd7 42. Nxe5+ Nxe5 43. Nb6+ Kc7 44. Nxd5+ Nxd5 45. Kg2 Kb6 46. Kg3 Kxb5 47. Kh4 Nf6 48. Kg5 Ned7 49. Kh6 Kc5 50. h4 Kd4 51. h5 Ke4 52. Kg7 Kf5 53. h6 Kg5 54. Kh8 Ne5 55. Kg7 Nf3 56. Kh8 Nh4 57. Kg7 Nf5+ 58. Kh8 Nxh6 59. Kg7 Nf5+ 60. Kh8 Ne3 61. Kg7 h5 62. Kh8 h4 63. Kg7 h3 64. Kh8 h2 65. Kg7 Nc4 66. Kh8 h1=Q+ 67. Kg7 Qh7+ 0-1


[Site "https://www.chess.com"]

[Event "Titled Tuesday Blitz October 11 Late 2022"]
[White "Zierk, Steven"]
[Black "Pakleza, Zbigniew"]
[WhiteFideId "2034255"]
[BlackFideId "1119290"]
[WhiteElo "2494"]
[BlackElo "2411"]
[Result "1-0"]
[Round "09"]
[TimeControl "180+1"]
[Date "2022.10.11"]
[WhiteClock "0:00:35"]
[BlackClock "0:00:05"]

1. e4 d6 2. d4 Nf6 3. Nc3 c6 4. Be3 Qb6 5. Rb1 Ng4 6. Bg5 e5 7. Nf3 Nd7 8. Bc4 h6 9. Bh4 Ngf6 10. dxe5 Nxe5 11. Nxe5 dxe5 12. Bxf6 gxf6 13. Qh5 Qc7 14. O-O Rg8 15. f4 exf4 16. Rxf4 Rg5 17. Qf3 Be7 18. Rd1 Qb6+ 19. Kh1 Qxb2 20. Rxf6 Bxf6 21. Qxf6 Be6 22. Bxe6 fxe6 23. Qxe6+ Kf8 24. Rf1+ Kg7 25. Rf7+ Kh8 26. Qxh6+ Kg8 27. Qh7# 1-0


[Site "https://www.chess.com"]

[Event "Titled Tuesday Blitz October 11 Late 2022"]
[White "Aguilar, Juan"]
[Black "Shandrygin, Nikita"]
[WhiteFideId "3800091"]
[BlackFideId "24198668"]
[WhiteElo "2394"]
[BlackElo "2323"]
[Result "0-1"]
[Round "10"]
[TimeControl "180+1"]
[Date "2022.10.12"]
[WhiteClock "0:00:03"]
[BlackClock "0:00:25"]

1. d4 Nf6 2. c4 e6 3. Nf3 Bb4+ 4. Nbd2 a5 5. g3 O-O 6. Bg2 d5 7. O-O b6 8. cxd5 exd5 9. Nb1 Bb7 10. Nc3 Nbd7 11. Bf4 Ne4 12. Rc1 Nxc3 13. bxc3 Ba3 14. Rb1 Nf6 15. Qb3 Be7 16. Ne5 Ne4 17. Rfc1 Bd6 18. c4 Bxe5 19. dxe5 d4 20. Qc2 Nc5 21. Bxb7 Nxb7 22. Rd1 Nc5 23. Be3 Ne6 24. Qe4 c5 25. h4 Rb8 26. Bd2 f5 27. Qd5 Qe7 28. Bg5 Qf7 29. Qf3 Nxg5 30. hxg5 Qxc4 31. Rdc1 Qe6 32. Qf4 Rfe8 33. Rb2 Qxe5 34. Qxe5 Rxe5 35. Rcb1 Re6 36. Kf1 c4 37. Rb5 c3 38. Rd5 Rc8 39. Rxd4 c2 40. Rc1 Kf7 41. e3 Kg6 42. Ke2 Kxg5 43. Rd2 Rec6 44. Rd7 Kf6 45. Kd2 R8c7 46. Rd3 Ke6 47. f3 Rd7 48. Rxd7 Kxd7 49. Kd3 b5 50. Kd4 Kd6 51. e4 fxe4 52. fxe4 Ke6 53. a3 Rc4+ 54. Kd3 Ke5 0-1


[Site "https://www.chess.com"]

[Event "Titled Tuesday Blitz October 11 Late 2022"]
[White "Andreikin, Dmitry"]
[Black "Jobava, Baadur"]
[WhiteFideId "4158814"]
[BlackFideId "13601520"]
[WhiteElo "2736"]
[BlackElo "2582"]
[Result "1-0"]
[Round "10"]
[TimeControl "180+1"]
[Date "2022.10.11"]
[WhiteClock "0:00:33"]
[BlackClock "0:00:02"]

1. Nf3 Nf6 2. g3 d5 3. Bg2 c6 4. O-O Bf5 5. d3 e6 6. Nbd2 Be7 7. b3 h6 8. Bb2 O-O 9. Qe1 Bh7 10. e4 Re8 11. h3 a5 12. a3 Na6 13. Nh2 Nc5 14. f4 Bf8 15. g4 dxe4 16. dxe4 Nfd7 17. Nhf3 Qc7 18. Qe3 Rad8 19. Kh1 Bd6 20. Nh4 Be7 21. Nhf3 Nf6 22. Ne5 Rxd2 23. Qxd2 Ncxe4 24. Qe1 Rd8 25. Nc4 b5 26. Be5 Qc8 27. Nxa5 Bc5 28. b4 Bd4 29. Rd1 Bxe5 30. Rxd8+ Qxd8 31. fxe5 Qc7 32. exf6 Ng3+ 33. Kg1 Nxf1 34. Qxf1 c5 35. Qxb5 1-0


[Site "https://www.chess.com"]

[Event "Titled Tuesday Blitz October 11 Late 2022"]
[White "Arnold, Ken"]
[Black "Bogaudinov, Rushan"]
[WhiteFideId "2056836"]
[BlackFideId "4129288"]
[WhiteElo "2349"]
[BlackElo "1945"]
[Result "1-0"]
[Round "10"]
[TimeControl "180+1"]
[Date "2022.10.12"]
[WhiteClock "0:01:39"]
[BlackClock "0:01:35"]

1. d4 d5 2. c4 e6 3. Nf3 dxc4 4. e3 Nf6 5. Bxc4 Be7 6. O-O O-O 7. Nc3 a6 8. a4 c5 9. Qc2 Nc6 10. Rd1 cxd4 11. exd4 Bd7 12. Bg5 Rc8 13. Qe2 h6 14. Bh4 Nb4 15. Ne5 Nfd5 16. Bxe7 Qxe7 17. Ng6 fxg6 18. Nxd5 Qh4 19. Nxb4 Rxc4 20. Qxc4 Qxf2+ 21. Kh1 Qxb2 22. Nd3 Qe2 23. Ne5 Rf2 24. Qxe2 1-0


[Site "https://www.chess.com"]

[Event "Titled Tuesday Blitz October 11 Late 2022"]
[White "Ballester Llagaria, Luis Eduardo"]
[Black "Fernandez De La Vara, Arnaldo"]
[WhiteFideId "2297620"]
[BlackFideId "3518388"]
[WhiteElo "2344"]
[BlackElo "2387"]
[Result "0-1"]
[Round "10"]
[TimeControl "180+1"]
[Date "2022.10.11"]
[WhiteClock "0:00:33"]
[BlackClock "0:01:09"]

1. e4 c5 2. Nc3 a6 3. Nf3 e6 4. d4 cxd4 5. Nxd4 Qc7 6. Bd3 Nf6 7. Qe2 d6 8. f4 Nbd7 9. g4 h6 10. Bd2 g6 11. O-O-O Bg7 12. h4 h5 13. g5 Ng4 14. Nb3 b5 15. f5 Be5 16. Rhf1 Bb7 17. Kb1 b4 18. Na4 Bc6 19. fxe6 fxe6 20. Bc4 Bxa4 21. Bxe6 Bb5 22. Qf3 Rf8 23. Bf7+ Ke7 24. Bxb4 Bxf1 25. Rxf1 Nh2 26. Qh3 Rxf7 0-1


[Site "https://www.chess.com"]

[Event "Titled Tuesday Blitz October 11 Late 2022"]
[White "Baskakov, Egor"]
[Black "Taboas Rodriguez, Daniel"]
[WhiteFideId "24197866"]
[BlackFideId "2208466"]
[WhiteElo "2211"]
[BlackElo "2429"]
[Result "1-0"]
[Round "10"]
[TimeControl "180+1"]
[Date "2022.10.11"]
[WhiteClock "0:00:56"]
[BlackClock "0:00:01"]

1. e4 e5 2. Nc3 Nc6 3. g3 Nf6 4. Bg2 Bc5 5. d3 d6 6. h3 O-O 7. Nge2 Be6 8. Nd5 Nd4 9. O-O Nxd5 10. exd5 Bf5 11. Kh2 h6 12. f4 Nxe2 13. Qxe2 exf4 14. Bxf4 Qd7 15. c3 Rae8 16. Qd2 Bg6 17. d4 Bb6 18. Bxh6 gxh6 19. Qxh6 Re2 20. Rf6 Rfe8 21. Raf1 c6 22. Kh1 Bd8 23. R6f4 Rxb2 24. Rg4 Rbe2 25. Rff4 Re1+ 26. Kh2 R8e2 27. Rh4 Bxh4 28. Rxh4 Rxg2+ 29. Kxg2 Be4+ 30. Kf2 Qf5+ 31. Kxe1 1-0


[Site "https://www.chess.com"]

[Event "Titled Tuesday Blitz October 11 Late 2022"]
[White "Bazeev, German"]
[Black "Zeynalli, Rashad"]
[WhiteFideId "24119350"]
[BlackFideId "13403320"]
[WhiteElo "2493"]
[BlackElo "2125"]
[Result "1-0"]
[Round "10"]
[TimeControl "180+1"]
[Date "2022.10.11"]
[WhiteClock "0:00:05"]
[BlackClock "0:00:02"]

1. d4 Nf6 2. c4 e6 3. Nf3 d5 4. g3 Be7 5. Bg2 O-O 6. O-O dxc4 7. Qc2 b5 8. a4 b4 9. Nfd2 Nd5 10. Nxc4 c5 11. dxc5 Ba6 12. Ne3 Nd7 13. c6 Rc8 14. Nxd5 exd5 15. Bxd5 Ne5 16. Qe4 Bf6 17. Rd1 Rxc6 18. Bf4 Re8 19. Nd2 Rd6 20. Nb3 g5 21. Nc5 Bc8 22. Be3 Ng4 23. Qf3 Nxe3 24. fxe3 Bxb2 25. Rab1 Qf6 26. Rxb2 Rxd5 27. Qxf6 Rxd1+ 28. Kg2 Rxe3 29. Qf2 Rc3 30. Rxb4 Rcc1 31. e4 Bg4 32. Rb8+ Kg7 33. h3 Bh5 34. Ne6+ Kg6 35. Qf5+ Kh6 36. Qxg5# 1-0


[Site "https://www.chess.com"]

[Event "Titled Tuesday Blitz October 11 Late 2022"]
[White "Bilan, Danila"]
[Black "Alexikov, Alexander"]
[WhiteFideId "24161918"]
[BlackFideId "14103958"]
[WhiteElo "2203"]
[BlackElo "2222"]
[Result "0-1"]
[Round "10"]
[TimeControl "180+1"]
[Date "2022.10.12"]
[WhiteClock "0:00:01"]
[BlackClock "0:00:42"]

1. d4 Nf6 2. Nf3 g6 3. Bg5 Bg7 4. c3 d5 5. Nbd2 h6 6. Bh4 Bf5 7. e3 Nbd7 8. Be2 O-O 9. O-O c6 10. c4 g5 11. Bg3 e6 12. Ne5 Nxe5 13. Bxe5 Nd7 14. Bd6 Re8 15. f4 Nf6 16. fxg5 hxg5 17. Be5 Ne4 18. Bxg7 Kxg7 19. Nxe4 Bxe4 20. Qe1 Qd6 21. c5 Qc7 22. b4 Rh8 23. Qg3 Qxg3 24. hxg3 f5 25. a4 a6 26. b5 axb5 27. axb5 Kf7 28. Bf3 Bd3 29. bxc6 Bxf1 30. Rxa8 Rxa8 31. cxb7 Rh8 32. Kxf1 Ke7 33. Bd1 Kd7 34. Ba4+ Kc7 35. c6 Rh1+ 36. Kf2 Ra1 37. Bb5 Rb1 38. Ba4 Rb4 0-1


[Site "https://www.chess.com"]

[Event "Titled Tuesday Blitz October 11 Late 2022"]
[White "Bilych, Olexiy"]
[Black "Goryachkina, Aleksandra"]
[WhiteFideId "14156504"]
[BlackFideId "4147103"]
[WhiteElo "2320"]
[BlackElo "2484"]
[Result "1-0"]
[Round "10"]
[TimeControl "180+1"]
[Date "2022.10.11"]
[WhiteClock "0:00:12"]
[BlackClock "0:00:05"]

1. e4 e6 2. d4 d5 3. e5 c5 4. c3 Nc6 5. Nf3 Nge7 6. Be2 Nf5 7. dxc5 Bxc5 8. O-O O-O 9. Bd3 h6 10. Nbd2 Qc7 11. Nb3 Bb6 12. Bxf5 exf5 13. Qxd5 Be6 14. Qb5 a6 15. Qe2 Rfe8 16. Re1 Bd5 17. Be3 Bxe3 18. Qxe3 Bxf3 19. Qxf3 Rxe5 20. Rxe5 Qxe5 21. Rd1 Re8 22. h3 g6 23. Rd7 Qe1+ 24. Kh2 Re7 25. Rxe7 Qxe7 26. Qd5 Qe2 27. Qd2 Qe5+ 28. g3 h5 29. h4 Qc7 30. Qe3 Ne5 31. Qc5 Ng4+ 32. Kg2 Qd7 33. Nd4 Qe8 34. Qd5 Qe1 35. Qf3 Qd2 36. Qe2 Qxe2 37. Nxe2 Kf8 38. Nd4 Ke7 39. Kf3 Kd6 40. Ke2 Kd5 41. f3 Ne5 42. b3 b5 43. Nc2 Nd7 44. Nb4+ Kd6 45. Nxa6 f6 46. f4 Nb6 47. Nb4 Nd7 48. Nd3 Nb6 49. Ke3 Kd5 50. Nb4+ Kc5 51. Na6+ Kd5 52. Nc7+ Kc6 53. Ne8 Nd5+ 54. Kd4 b4 55. cxb4 Nxb4 56. a4 Nc2+ 57. Kc3 Ne3 58. Nxf6 Nf1 59. b4 Nxg3 60. b5+ Kc5 61. Kd3 Nf1 62. Nd7+ Kd6 63. Ne5 Nh2 64. a5 Ng4 65. Nxg4 hxg4 66. a6 Kc7 67. Kd4 Kb6 68. Ke3 Ka7 69. Kd3 Kb6 70. Kd4 Ka7 71. Kc5 g3 72. b6+ Kxa6 73. Kc6 g2 74. b7 g1=Q 75. b8=Q Qc1+ 76. Kd7 Qd1+ 77. Qd6+ Qxd6+ 78. Kxd6 Kb5 79. Ke6 Kc4 80. Kf6 Kd4 81. Kxg6 Ke4 82. Kg5 1-0


[Site "https://www.chess.com"]

[Event "Titled Tuesday Blitz October 11 Late 2022"]
[White "Bjelobrk, Igor"]
[Black "Sowul, Bartosz"]
[WhiteFideId "4300726"]
[BlackFideId "1137590"]
[WhiteElo "2590"]
[BlackElo "2450"]
[Result "1-0"]
[Round "10"]
[TimeControl "180+1"]
[Date "2022.10.12"]
[WhiteClock "0:00:43"]
[BlackClock "0:00:04"]

1. Nf3 c5 2. e3 Nf6 3. d4 e6 4. Bd3 b6 5. O-O Bb7 6. c4 Be7 7. Nc3 O-O 8. d5 exd5 9. cxd5 d6 10. e4 Nfd7 11. Bf4 Re8 12. Re1 Bf8 13. Qd2 Ba6 14. Bc2 Ne5 15. Nxe5 dxe5 16. Be3 Qd6 17. Ba4 Rd8 18. a3 Nd7 19. Bc6 Rab8 20. b4 b5 21. Bxd7 cxb4 22. axb4 Rxd7 23. Bc5 Qg6 24. d6 Bc8 25. Rxa7 Rxa7 26. Bxa7 Ra8 27. Bc5 Bd7 28. Nd5 Bh3 29. f3 Be6 30. Rd1 Bxd5 31. Qxd5 Rd8 32. Qxe5 f6 33. Qe6+ Qf7 34. Qxf7+ Kxf7 35. Kf2 Ke6 36. Ke3 Kd7 37. Ra1 Bxd6 38. Bxd6 Kc6 39. Bc5 1-0


[Site "https://www.chess.com"]

[Event "Titled Tuesday Blitz October 11 Late 2022"]
[White "Carbone, Diego"]
[Black "Rosenberg, Evan S"]
[WhiteFideId "3002179"]
[BlackFideId "2019299"]
[WhiteElo "2243"]
[BlackElo "2346"]
[Result "1-0"]
[Round "10"]
[TimeControl "180+1"]
[Date "2022.10.12"]
[WhiteClock "0:00:13"]
[BlackClock "0:00:07"]

1. d4 Nf6 2. c4 c5 3. Nf3 cxd4 4. Nxd4 Nc6 5. Nc3 e6 6. a3 d5 7. Nxc6 bxc6 8. e3 Be7 9. Be2 O-O 10. O-O Bb7 11. Qc2 Rc8 12. Rd1 h6 13. b4 Re8 14. Bb2 Qb6 15. Na4 Qc7 16. Rac1 Qb8 17. Bf3 Nd7 18. e4 Ne5 19. Bxe5 Qxe5 20. exd5 cxd5 21. c5 Bc6 22. Nb2 a5 23. Nd3 Qg5 24. Rb1 axb4 25. axb4 e5 26. Nb2 e4 27. Be2 Bf6 28. b5 Bd7 29. c6 Bh3 30. Bf1 d4 31. Na4 d3 32. Qd2 Qg6 33. Nb6 Rcd8 34. c7 Bd4 35. cxd8=Q Rxd8 36. Nc4 Re8 37. Ne3 Be5 38. b6 Bf4 39. b7 Rb8 40. Rdc1 Qh5 41. gxh3 Qg5+ 42. Bg2 1-0


[Site "https://www.chess.com"]

[Event "Titled Tuesday Blitz October 11 Late 2022"]
[White "Castella Garcia, Fausto"]
[Black "Kostiukov, Alexandr"]
[WhiteFideId "3501922"]
[BlackFideId "14108100"]
[WhiteElo "2246"]
[BlackElo "2202"]
[Result "0-1"]
[Round "10"]
[TimeControl "180+1"]
[Date "2022.10.12"]
[WhiteClock "0:00:33"]
[BlackClock "0:00:12"]

1. e4 c5 2. Nf3 Nc6 3. Bb5 g6 4. c3 Nf6 5. e5 Nd5 6. d4 cxd4 7. Qb3 Nc7 8. Bc4 e6 9. Bg5 Be7 10. Bxe7 Qxe7 11. cxd4 Qb4+ 12. Nbd2 Qxb3 13. Bxb3 b5 14. Ne4 Ke7 15. Nd6 a5 16. a3 Rb8 17. O-O Ne8 18. Nxc8+ Rxc8 19. d5 exd5 20. Bxd5 Nc7 21. Ba2 Ne6 22. Rad1 Rhd8 23. g3 d6 24. exd6+ Rxd6 25. Rxd6 Kxd6 26. Rd1+ Ke7 27. Re1 h6 28. h4 Rd8 29. Kg2 Kf6 30. Bxe6 fxe6 31. Re2 Nd4 32. Rd2 e5 33. Nh2 h5 34. Nf3 Kf5 35. Ng5 b4 36. axb4 axb4 37. Rd3 e4 38. Rd1 Nc6 39. Rc1 Ne5 40. Rc5 Rd7 41. f4 exf3+ 42. Nxf3 Re7 43. Kf2 Ke4 44. Ng5+ Kd4 45. Rb5 Nd3+ 46. Kf3 Kc4 47. Rb6 Kb3 48. Ne4 Nxb2 49. Rxg6 Nc4 50. Rc6 Ne5+ 0-1


[Site "https://www.chess.com"]

[Event "Titled Tuesday Blitz October 11 Late 2022"]
[White "Curtis, John"]
[Black "D`Arruda, Ricardo D."]
[WhiteFideId "3200256"]
[BlackFideId "100692"]
[WhiteElo "2203"]
[BlackElo "2438"]
[Result "1-0"]
[Round "10"]
[TimeControl "180+1"]
[Date "2022.10.12"]
[WhiteClock "0:01:15"]
[BlackClock "0:00:32"]

1. e4 c5 2. Nf3 Nc6 3. d4 cxd4 4. Nxd4 e5 5. Nb5 a6 6. Nd6+ Bxd6 7. Qxd6 Qe7 8. Qxe7+ Ngxe7 9. Be3 d5 10. exd5 Nxd5 11. Bc4 Be6 12. Bxd5 Bxd5 13. f3 O-O 14. Nc3 Rfd8 15. O-O-O Be6 16. Bb6 Rxd1+ 17. Rxd1 Ne7 18. Bc5 Nc6 19. Bb6 f5 20. a4 Kf7 21. b3 Rc8 22. Kb2 Nb4 23. a5 g5 24. Rd2 f4 25. Ne4 Rg8 26. h3 Nd5 27. c4 Nxb6 28. axb6 Ke7 29. c5 Bd7 30. Rd6 Bc6 31. Rh6 Rg7 32. b4 Bb5 33. Nd6 Bf1 34. Nf5+ 1-0


[Site "https://www.chess.com"]

[Event "Titled Tuesday Blitz October 11 Late 2022"]
[White "Dardha, Arben"]
[Black "Prieto Aranguren, Alain"]
[WhiteFideId "4700481"]
[BlackFideId "2268906"]
[WhiteElo "2196"]
[BlackElo "2209"]
[Result "1-0"]
[Round "10"]
[TimeControl "180+1"]
[Date "2022.10.12"]
[WhiteClock "0:00:34"]
[BlackClock "0:00:03"]

1. e4 e5 2. d4 f5 3. exf5 Qe7 4. Qh5+ Kd8 5. Bg5 Nf6 6. Bxf6 gxf6 7. dxe5 Qxe5+ 8. Be2 Qxb2 9. Nf3 Bb4+ 10. Kd1 Qxa1 11. Kc1 Re8 12. Bc4 Bc3 13. Nd2 Qb2+ 14. Kd1 Bxd2 15. Kxd2 Qb4+ 16. Kd3 Nc6 17. f4 Qd6+ 18. Kc3 Qd4+ 19. Kb3 Na5+ 20. Ka3 Nxc4+ 21. Kb3 Na5+ 22. Ka3 Re4 23. c3 Qa4+ 24. Kb2 Re2+ 25. Qxe2 Nc4+ 26. Ka1 d6 27. Re1 Qd7 28. Qxc4 c6 29. g4 d5 30. Qc5 Qf7 31. Qd6+ Bd7 32. Nd2 a5 33. Nb3 1-0


[Site "https://www.chess.com"]

[Event "Titled Tuesday Blitz October 11 Late 2022"]
[White "De Souza, Cristiano Gomes"]
[Black "Gasparyan, David"]
[WhiteFideId "2151758"]
[BlackFideId "13311980"]
[WhiteElo "2068"]
[BlackElo "2340"]
[Result "0-1"]
[Round "10"]
[TimeControl "180+1"]
[Date "2022.10.12"]
[WhiteClock "0:01:10"]
[BlackClock "0:00:34"]

1. d4 Nf6 2. c4 e6 3. Nf3 b6 4. g3 Bb7 5. Bg2 Be7 6. O-O Ne4 7. Qc2 f5 8. Nc3 O-O 9. b3 d6 10. Bb2 Nd7 11. Rad1 Ndf6 12. Ne1 Qe8 13. Nd3 g5 14. f3 Nxc3 15. Bxc3 Qh5 16. Nf2 d5 17. e4 fxe4 18. fxe4 dxe4 19. Nxe4 Ng4 20. h3 Ne3 21. Qd3 Nxd1 22. Rxd1 Bxe4 23. Qxe4 Qxd1+ 24. Kh2 Qh5 25. Qxe6+ Qf7 26. Qe3 Rad8 27. d5 Bf6 28. Bb4 Rfe8 29. Qd3 Kh8 30. Be4 Bg7 31. Kg2 Rf8 32. Be1 Rde8 0-1


[Site "https://www.chess.com"]

[Event "Titled Tuesday Blitz October 11 Late 2022"]
[White "Donchenko, Alexander"]
[Black "Tari, Aryan"]
[WhiteFideId "24603295"]
[BlackFideId "1510045"]
[WhiteElo "2572"]
[BlackElo "2612"]
[Result "1-0"]
[Round "10"]
[TimeControl "180+1"]
[Date "2022.10.11"]
[WhiteClock "0:00:50"]
[BlackClock "0:00:01"]

1. Nf3 d5 2. g3 g6 3. Bg2 Bg7 4. d4 Nf6 5. O-O O-O 6. b3 a5 7. a4 c6 8. Ba3 Na6 9. c4 Ne4 10. e3 Nb4 11. cxd5 cxd5 12. Nfd2 Bf5 13. Nxe4 Bxe4 14. Bxe4 dxe4 15. Nc3 f5 16. Bxb4 axb4 17. Nb5 Rc8 18. Qd2 Qd5 19. Qxb4 f4 20. exf4 g5 21. Rac1 Rxc1 22. Rxc1 gxf4 23. Qc4 Qxc4 24. Rxc4 e3 25. fxe3 fxe3 26. Rc2 Bh6 27. Kg2 Kf7 28. Rc5 Ke6 29. Re5+ Kd7 30. Nc3 Rf2+ 31. Kh3 Rd2 32. Nd5 Rxd4 33. Nxe3 Kd6 34. Nc4+ Rxc4 35. Rh5 Rb4 36. Rxh6+ e6 37. Rxh7 Rxb3 38. Kh4 b6 39. g4 e5 40. g5 Rb4+ 41. Kh5 Rxa4 42. g6 Ke6 43. Rb7 Kf6 44. Rxb6+ Kf5 45. g7 Rg4 46. Rb7 Rg2 47. h4 Kf6 48. Kh6 e4 49. Kh7 e3 50. g8=Q 1-0


[Site "https://www.chess.com"]

[Event "Titled Tuesday Blitz October 11 Late 2022"]
[White "Duda, Jan-Krzysztof"]
[Black "Chigaev, Maksim"]
[WhiteFideId "1170546"]
[BlackFideId "4108116"]
[WhiteElo "2779"]
[BlackElo "2537"]
[Result "1-0"]
[Round "10"]
[TimeControl "180+1"]
[Date "2022.10.11"]
[WhiteClock "0:00:08"]
[BlackClock "0:00:06"]

1. d4 Nf6 2. c4 g6 3. Nc3 Bg7 4. e4 d6 5. h3 O-O 6. Be3 Na6 7. g4 c6 8. Bg2 Nc7 9. Nge2 e5 10. d5 cxd5 11. exd5 a5 12. Ng3 Na6 13. g5 Ne8 14. Nge4 f5 15. gxf6 Nxf6 16. Nxf6+ Bxf6 17. Ne4 b6 18. h4 Bf5 19. h5 g5 20. h6 Nc5 21. Bxc5 bxc5 22. Qf3 Bg6 23. O-O-O Kh8 24. Kb1 Rb8 25. Qe2 a4 26. a3 g4 27. Ka1 Qd7 28. Rd3 Be7 29. Rg3 Rf4 30. Nc3 Rbf8 31. Be4 Rxf2 32. Qxg4 Rf1+ 33. Rxf1 Rxf1+ 34. Ka2 Qxg4 35. Rxg4 Rf4 36. Rxf4 exf4 37. b3 Bf6 38. Bxg6 hxg6 39. Ne4 f3 40. bxa4 g5 41. a5 Bd8 42. a6 Bb6 43. Kb3 g4 44. Ka4 Kh7 45. Kb5 Ba7 46. Nf6+ Kxh6 47. Nxg4+ Kg5 48. Nf2 Kf4 49. Kc6 Ke3 50. Ng4+ Kf4 51. Nh2 f2 52. Kb7 Kg3 53. Nf1+ Kg2 54. Nd2 1-0


[Site "https://www.chess.com"]

[Event "Titled Tuesday Blitz October 11 Late 2022"]
[White "Dzierzak, Radoslaw"]
[Black "Salman, Pavel"]
[WhiteFideId "1161407"]
[BlackFideId "24153753"]
[WhiteElo "2111"]
[BlackElo "2187"]
[Result "1-0"]
[Round "10"]
[TimeControl "180+1"]
[Date "2022.10.12"]
[WhiteClock "0:00:10"]
[BlackClock "0:00:10"]

1. e4 c5 2. Nf3 e6 3. d4 cxd4 4. Nxd4 a6 5. Nc3 Qc7 6. g3 Nf6 7. Bg2 Be7 8. O-O d6 9. a4 Nc6 10. Nb3 O-O 11. a5 Bd7 12. Be3 Rac8 13. f4 Rfd8 14. Bb6 Qb8 15. Bxd8 Bxd8 16. Kh1 h5 17. h3 Be8 18. Qd2 Bc7 19. Na4 Rd8 20. Nb6 Ne7 21. c4 Ng6 22. Qf2 h4 23. gxh4 d5 24. e5 Nh5 25. cxd5 Ngxf4 26. d6 Bxd6 27. exd6 Qxd6 28. Bf3 Nxh3 29. Qc5 Ng3+ 30. Kg2 Nxf1 31. Qxd6 Rxd6 32. Kxf1 Rd3 33. Kg2 Nf4+ 34. Kg3 Ne2+ 35. Kf2 Rxb3 36. Bxe2 Rxb2 37. Ke3 Rb3+ 38. Kd4 Rh3 39. h5 Bc6 40. Nc4 f6 41. Rg1 e5+ 42. Kc5 Kf7 43. Nd6+ Ke6 44. Bg4+ f5 45. Bxh3 g6 46. Rxg6+ Ke7 47. Bxf5 e4 48. Bxe4 Be8 49. Rg7+ Kf8 50. Rxb7 Bxh5 51. Kb6 Be2 52. Bd5 Bd3 53. Rf7+ Kg8 54. Rf3+ Kh8 55. Rxd3 Kh7 56. Rg3 Kh6 57. Nf5+ Kh7 58. Kc6 Kh8 59. Kd6 Kh7 60. Ke7 Kh8 61. Kf7 Kh7 62. Rh3# 1-0


[Site "https://www.chess.com"]